 Dungeon Crawl Stone Soup version 0.20.0-7-g3b7b877 (webtiles) character file.

45 McKennaii the Sneak (level 3, 0/24 HPs)
             Began as an Octopode Assassin on May 29, 2017.
             Slain by an adder (5 damage)
             ... on level 2 of the Dungeon.
             The game lasted 00:01:41 (1407 turns).

McKennaii the Sneak (Octopode Assassin)             Turns: 1407, Time: 00:01:41

Health: 0/24       AC:  1    Str: 10    XL:     3   Next: 64%
Magic:  3/3        EV: 12    Int: 13    God:
Gold:   84         SH:  3    Dex: 14    Spells: 2/2 levels left

rFire    . . .     SeeInvis .   a - +2 dagger
rCold    . . .     Gourm    .   j - +0 buckler
rNeg     . . .     Faith    .   (helmet restricted)
rPois    .         Spirit   .   (no amulet)
rElec    .         Reflect  .   (no ring)
rCorr    .         Harm     .   (no ring)
MR       .....                  (no ring)
Stlth    ++++......             (no ring)
Regen    0.1/turn               (no ring)
MPRegen  0.1/turn               (no ring)
                                (no ring)
                                (no ring)

@: no status effects
A: almost no armour, stealthy swim, amphibious, 8 rings, constrict 8, camouflage
1, gelatinous body 1
a: no special abilities


You were on level 2 of the Dungeon.
You were hungry.

You visited 1 branch of the dungeon, and saw 2 of its levels.

You collected 84 gold pieces.

Inventory:

Hand Weapons
 a - a +2 dagger (weapon)
 b - a +0 blowgun
Missiles
 c - 8 poisoned needles
 d - 2 curare-tipped needles
Armour
 j - a +0 buckler (worn)
Scrolls
 e - a scroll of enchant weapon {unknown}
 h - a scroll of random uselessness {unknown}
 k - a scroll of fog {unknown}
Potions
 i - a potion of heal wounds
Comestibles
 f - a bread ration
 g - a royal jelly


   Skills:
 + Level 2.2 Fighting
 + Level 2.2 Short Blades
 + Level 2.2 Throwing
 + Level 1.1 Dodging
 + Level 6.6 Stealth


You had 2 spell levels left.
You didn't know any spells.

Dungeon Overview and Level Annotations

Branches:
Dungeon (2/15)

Altars:


Innate Abilities, Weirdness & Mutations

You cannot wear most types of armour.
You are very stealthy in the water. (Stealth+)
You are amphibious.
You can wear up to eight rings at the same time.
You can use your tentacles to constrict eight enemies at once.
Your skin changes colour to match your surroundings (Stealth+).
Your rubbery body absorbs attacks. (AC +1, EV +1)


Message History

The jackal bites you. The jackal closely misses you. The jackal bites you.
You hit the jackal.
You kill the jackal!
You constrict the jackal. The jackal bites you. The adder bites you.
You are too injured to fight recklessly!
You are too injured to fight recklessly!
You are too injured to fight recklessly!
Unknown command.
You release your grip on the jackal.
The jackal barely misses you. The jackal bites you.
The jackal closely misses you. The adder bites you.
* * * LOW HITPOINT WARNING * * *
You are feeling hungry.
The adder bites you.
* * * LOW HITPOINT WARNING * * *
You hit the adder. Your grab misses the adder.
The adder is heavily wounded.
The adder bites you.
You die...

.<.. ... #.# #...... .... #..
#[# #...... #$... ... #.#
#########.. <...##.# #.#
#........#. #.....# #=#
#........#. #.....#####.#
#........#. #.†....##.#
#.........#
##.#......##h########.........#
........)....SS@...............#
....$......###########..........
.........†.# #####.....#
######.....# #.....# #.....#
#.....# #.....# #.....# #######
#.....# #..<†.# #######


You could see 2 adders and a jackal.

Vanquished Creatures
  An adder (D:2)
  A worm (D:2)
  3 leopard geckos (D:1)
  7 bats
  A giant cockroach (D:1)
  2 goblins
  2 hobgoblins
  A jackal (D:2)
  3 frilled lizards
  5 kobolds (D:1)
  7 rats
33 creatures vanquished.

Notes
Turn   | Place    | Note
-------+----------+-------------------------------------------
     0 | D:1      | McKennaii the Octopode Assassin began the quest for the Orb.
     0 | D:1      | Reached XP level 1. HP: 14/14 MP: 1/1
   138 | D:1      | Reached XP level 2. HP: 15/19 MP: 2/2
   543 | D:1      | Reached skill level 6 in Stealth
   916 | D:1      | Reached XP level 3. HP: 15/24 MP: 3/3
  1189 | D:2      | Found a faded altar of an unknown god.
  1407 | D:2      | Slain by an adder

Skill      XL: |  1  2 |
---------------+-------+-----
Stealth        | 6 |  6.6
Fighting       | |  2.2
Short Blades   | |  2.2
Throwing       | |  2.2
Dodging        | |  1.1

Action                   || total
-------------------------++-------
Melee: Dagger            ||    68
       Constrict         ||    18
       Tentacles         ||     7
  Use: Potion            ||     2
 Stab: Sleeping          ||    12
  Eat: Chunk             ||     1
Armor: Skin              ||     7
Dodge: Dodged            ||    34
Block: Buckler           ||     5
